 Dungeon Crawl Stone Soup version 0.19.0-19-g8c6edcc (webtiles) character file.

182 toast the Skirmisher (level 5, -1/47 HPs)
             Began as a Minotaur Fighter on Nov 16, 2016.
             Was an Initiate of Okawaru.
             Slain by an orc warrior
             ... wielding a +0 glaive
              (10 damage)
             ... on level 3 of the Dungeon.
             The game lasted 00:06:16 (2499 turns).

toast the Skirmisher (Minotaur Fighter)             Turns: 2499, Time: 00:06:18

Health: -1/47      AC:  8    Str: 21    XL:     5   Next: 34%
Magic:  4/4        EV:  7    Int:  5    God:    Okawaru [......]
Gold:   115        SH:  0    Dex: 10    Spells: 0 memorised, 4 levels left

rFire  . . .     SeeInvis .     a - +0 war axe
rCold  . . .     Gourm    .     b - +0 scale mail
rNeg   . . .     Faith    .     c - +0 shield
rPois  .         Spirit   .     (helmet restricted)
rElec  .         Reflect  .     p - +0 cloak
rCorr  .         Harm     .     (no gloves)
MR     .....                    (no boots)
Stlth  ..........               (no amulet)
                                (no ring)
                                (no ring)

@: confused, drained
A: retaliatory headbutt, horns 2
a: Renounce Religion


You were on level 3 of the Dungeon.
You worshipped Okawaru.
Okawaru was noncommittal.
You were hungry.

You visited 1 branch of the dungeon, and saw 3 of its levels.

You collected 115 gold pieces.

Inventory:

Hand Weapons
 a - a +0 war axe (weapon)
Armour
 b - a +0 scale mail (worn)
 c - a +0 shield (worn)
 p - a +0 cloak (worn)
Scrolls
 e - 2 scrolls of identify
 j - 2 scrolls of remove curse
 m - a scroll of immolation
 q - a scroll of blinking {unknown}
 r - a scroll of random uselessness {unknown}
Potions
 d - a potion of might
 i - a potion of heal wounds
 l - a potion of curing {unknown}
 s - a potion of flight {unknown}
 t - 2 potions of degeneration {unknown}
 v - a potion of invisibility {unknown}
Comestibles
 f - 2 bread rations
 h - a beef jerky
 u - 4 fruits


   Skills:
 + Level 4.7(4.4) Fighting
 * Level 4.6(4.3) Axes
 + Level 4.6(4.4) Armour
 + Level 4.4(4.2) Shields


You had 4 spell levels left.
You didn't know any spells.

Dungeon Overview and Level Annotations

Branches:
Dungeon (3/15)

Altars:
Ashenzari
Elyvilon
Gozag
Makhleb
Okawaru
Ru
Uskayaw


Innate Abilities, Weirdness & Mutations

You reflexively headbutt those who attack you in melee.
You have a pair of horns on your head.


Message History

* * * LOW HITPOINT WARNING * * *
You block the rat's attack. The rat barely misses you.
You feel much better. The orc warrior barely misses you.
Something hits you but does no damage. The rat bites you but does no damage.
You hit the orc warrior. Your headbutt misses the orc warrior.
The orc warrior is severely wounded.
You hit the rat.
You kill the rat!
Okawaru accepts your kill.
You closely miss something. Something hits you.
The orc warrior hits you with a glaive!
* * * LOW HITPOINT WARNING * * *
Something hits you but does no damage.
You hit the orc warrior.
The orc warrior is almost dead.
You closely miss the orc wizard. You closely miss something.
The orc wizard gestures at you while chanting.
You are confused.
The orc warrior hits you with a glaive!
You die...

.. ##.# #........... ..
#.#..# ##...%!....#
...#....# ####...!#....#
....#.#)###....#######..
..#.#.....#### #####..
#....##..### ###...)..
..#.#..#..# ###...##..#
......)##.####(..####<.#
......o@$......######..#
#.#..##o...#......#....#
#.. ..#.....[###.......
# ##.#.##........###.#
#...#..##.##......#
#.###.##........#.# ..
... ..#.....##.. .## ..
.. ...##.#..... ..
##....###...


You could see an orc warrior and an orc wizard.

Vanquished Creatures
  An orc wizard (D:3)
  An orc priest (D:3)
  3 gnolls (D:3)
  2 adders (D:2)
  A worm (D:2)
  2 dart slugs (D:1)
  3 leopard geckos (D:1)
  An orc (D:3)
  4 giant cockroaches
  6 goblins
  4 hobgoblins (D:1)
  8 jackals
  A ball python (D:2)
  7 bats
  A frilled lizard (D:2)
  13 kobolds
  10 rats
  3 plants (D:1)
71 creatures vanquished.

Notes
Turn   | Place    | Note
-------+----------+-------------------------------------------
     0 | D:1      | toast the Minotaur Fighter began the quest for the Orb.
     0 | D:1      | Reached XP level 1. HP: 19/19 MP: 0/0
   473 | D:1      | Reached XP level 2. HP: 7/27 MP: 1/1
  1139 | D:1      | Reached XP level 3. HP: 32/33 MP: 2/2
  1322 | D:2      | Found a faded altar of an unknown god.
  1336 | D:2      | Became a worshipper of Elyvilon the Healer
  1336 | D:2      | Reached * piety under Elyvilon
  1336 | D:2      | Fell from the grace of Elyvilon
  1447 | D:2      | Found a burning altar of Makhleb.
  1449 | D:2      | Found a shattered altar of Ashenzari.
  1451 | D:2      | Found an iron altar of Okawaru.
  1451 | D:2      | Found a hide-covered altar of Uskayaw.
  1453 | D:2      | Found a sacrificial altar of Ru.
  1454 | D:2      | Found an opulent altar of Gozag.
  1469 | D:2      | Became a worshipper of Warmaster Okawaru
  1655 | D:2      | Reached XP level 4. HP: 40/40 MP: 3/3
  2025 | D:3      | Noticed an orc warrior
  2054 | D:2      | HP: 2/41 [poisoned by an adder]
  2406 | D:3      | Reached XP level 5. HP: 31/47 MP: 4/4
  2499 | D:3      | Slain by an orc warrior

Skill      XL: |  1  2  3  4 |
---------------+-------------+-----
Shields        | 4 |  4.4
Axes           | 3 4 |  4.6
Fighting       | 4 |  4.7
Armour         | 4 |  4.6

Action                   |  1- 3 |  4- 6 || total
-------------------------+-------+-------++-------
Melee: War axe           |   178 |    45 ||   223
       Headbutt          |    33 |     7 ||    40
Invok: Renounce Religion |     1 |       ||     1
  Use: Scroll            |     1 |     5 ||     6
       Potion            |       |     1 ||     1
  Eat: Chunk             |     3 |     2 ||     5
Armor: Scale mail        |    65 |    30 ||    95
Dodge: Dodged            |    43 |    23 ||    66
Block: Shield            |    70 |    34 ||   104
